 Dungeon Crawl Stone Soup version 0.26.0-90-g5fd8617961 (webtiles) character file.

Game seed: 15531098651022845772

65 Descartes the Magician (level 3, -12/19 HPs)
             Began as a Deep Elf Air Elementalist on Feb 2, 2021.
             Was an Initiate of Gozag.
             Mangled by an ogre
             ... wielding a +0 giant club
              (16 damage)
             ... on level 2 of the Dungeon.
             The game lasted 00:03:43 (1588 turns).

Descartes the Magician (Deep Elf Air Elementalist)  Turns: 1588, Time: 00:03:44

Health: -12/19     AC:  4    Str:  5    XL:     3   Next: 94%
Magic:  3/10       EV: 13    Int: 20    God:    Gozag
Gold:   82         SH:  0    Dex: 15    Spells: 9/10 levels left

rFire    . . .     SeeInvis .   i - +1 dagger (venom)
rCold    . . .     Faith    .   (no shield)
rNeg     . . .     Spirit   .   a - +0 robe
rPois    .         Reflect  .   g - +0 helmet
rElec    .         Harm     .   (no cloak)
rCorr    .         Rampage  .   (no gloves)
Will     .....                  m - +0 pair of boots
Stlth    ++........             (no amulet)
HPRegen  0.06/turn              (no ring)
MPRegen  0.12/turn              (no ring)

@: very slightly contaminated
A: no striking features
a: Renounce Religion, Potion Petition, Call Merchant, Bribe Branch


You were on level 2 of the Dungeon.
You worshipped Gozag.
Gozag was noncommittal.
You visited 1 branch of the dungeon, and saw 2 of its levels.

You collected 106 gold pieces.
You paid 24 gold pieces to Gozag.

Inventory:

Hand Weapons
 i - a +1 dagger of venom (weapon)
Missiles
 c - 35 bolts
 d - 50 stones
Armour
 a - a +0 robe (worn)
 g - a +0 helmet (worn)
 m - a +0 pair of boots (worn)
Scrolls
 e - 3 scrolls of remove curse {unknown}
 f - a scroll of identify {unknown}
 k - a scroll of magic mapping {unknown}
Potions
 b - a potion of mutation {unknown}
 h - a potion of lignification {unknown}
 j - a potion of curing {unknown}
 l - a potion of haste {unknown}


   Skills:
 - Level 2.4 Dodging
 - Level 2.4 Stealth
 + Level 4.1 Spellcasting
 + Level 2.5 Conjurations
 + Level 3.7 Air Magic


You had 9 spell levels left.
You knew the following spells:

 Your Spells              Type           Power        Failure   Level
a - Shock                 Conj/Air       64%          3%          1

Your spell library contained the following spells:

 Spells                   Type           Power        Failure   Level
 Swiftness                Air            19%          4%          2
 Static Discharge         Conj/Air       16%          11%         3
 Airstrike                Air            9%           26%         4
 Lightning Bolt           Conj/Air       8%           67%         5


Dungeon Overview and Level Annotations

Branches:
Dungeon (2/15)

Altars:
Gozag
Nemelex Xobeh

Shops:
D:2 *


Message History

Confirm with . or Enter, or press ? or * to list all spells.
Aiming: Shock (safe; 3% risk of failure)
Press: ? - help, Shift-Dir - straight line, f/p - ogre
Aim: an ogre, wielding a +0 giant club (heavily wounded, 14% to evade)
The zap hits the ogre.
The ogre is severely wounded.
The ogre hits you with a +0 giant club!
Ouch! That really hurt!
* * * LOW HITPOINT WARNING * * *
Casting: Shock (safe; 3% risk of failure)
Confirm with . or Enter, or press ? or * to list all spells.
Aiming: Shock (safe; 3% risk of failure)
Press: ? - help, Shift-Dir - straight line, f/p - ogre
Aim: an ogre, wielding a +0 giant club (severely wounded, 14% to evade)
You miscast Shock.
You are very lightly contaminated with residual magic.
Nothing appears to happen.
The ogre hits you with a +0 giant club!
Ouch! That really hurt!
You die...
Your body crumbles into a pile of gold.

#######.## ###.........
........#...
.######.#.## #.#.#
################ #.#.#
.!.............# #.#.#
..#...#...#...### #.#.##
......O@........# #.#...
..#...#...#...#.# #.# #.
................###.# #.
###############.....###.
###...###.##..
#.......#.....
#.♣♣♣♣♣♣..###. ###.♣
♣♣..... #...♣ ♣♣...##


You could see an ogre.

Vanquished Creatures
  2 adders
  2 oozes (D:2)
  A dart slug (D:1)
  8 bats
  6 goblins
  8 hobgoblins
  A kobold (D:2)
  A frilled lizard (D:2)
  4 rats
33 creatures vanquished.

Notes
Turn   | Place    | Note
-------+----------+-------------------------------------------
     0 | D:1      | Descartes the Deep Elf Air Elementalist began the quest for
                  | the Orb.
     0 | D:1      | Reached XP level 1. HP: 10/10 MP: 6/6
   360 | D:1      | Reached XP level 2. HP: 15/15 MP: 2/8
   937 | D:2      | Reached XP level 3. HP: 19/19 MP: 8/10
  1223 | D:2      | Found a sparkling altar of Nemelex Xobeh.
  1343 | D:2      | Found Gozag's Platinum Reserve.
  1358 | D:2      | Reached skill level 4 in Spellcasting
  1412 | D:2      | Found an opulent altar of Gozag.
  1459 | D:2      | Became a worshipper of Gozag Ym Sagoz the Greedy
  1580 | D:2      | Noticed an ogre
  1588 | D:2      | Mangled by an ogre

Illustrated notes

Levels and vault maps discovered:
D:1:      dpeg_arrival_oval, layout_loops_cross
D:2:      layout_loops_ring, lemuel_coloured_pillars_altar,
          overflow_temple_1_default, lemuel_crystal_altar, nrook_campfire,
          nicolae_gozag_zags_fifth_avenue, uniq_crazy_yiuf_cottage

Skill      XL: |  1  2  3 |
---------------+----------+-----
Conjurations   | 2 |  2.5
Spellcasting   | 4 |  4.1
Dodging        | |  2.4
Stealth        | |  2.4
Air Magic      | |  3.7

Action                   || total
-------------------------++-------
 Cast: Shock             ||    76
Armor: Robe              ||     7
Dodge: Dodged            ||    12
